 Dungeon Crawl Stone Soup version 0.18-a0-965-g9200175 (webtiles) character file.

44562 Duffy the Brawler (level 13, 103/103 HPs)
             Began as a Demonspawn Monk on Jan 2, 2016.
             Was a High Priest of Trog.
             Quit the game on level 6 of the Lair of Beasts.
             The game lasted 00:24:24 (15421 turns).

Duffy the Brawler (Demonspawn Monk)                Turns: 15421, Time: 00:24:25

Health: 103/103    AC: 16    Str: 16    XL:     13   Next: 96%
Magic:  19/19      EV: 16    Int: 16    God:    Trog [*****.]
Gold:   463        SH:  5    Dex: 15    Spells: 0 memorised, 12 levels left

rFire  . . .     SeeInvis .       - Unarmed
rCold  + . .     Gourm    .     o - +3 ring mail {rC+}
rNeg   . . .     Faith    .     (no shield)
rPois  .         Spirit   .     I - +0 helmet {Int+3}
rElec  .         Dismiss  .     (no cloak)
rCorr  .         Reflect  +     (no gloves)
SustAt .         Harm     .     (no boots)
MR     +....                    t - +5 amulet of reflection
Stlth  +.........               E - ring of protection from magic
                                m - ring of invisibility

@: somewhat resistant to hostile enchantments, very unstealthy
A: claws 2, iridescent scales 2, powered by death 2, spiny 1
a: Berserk, Trog's Hand, Brothers in Arms, Burn Spellbooks, Renounce Religion,
Evoke Invisibility


You were on level 6 of the Lair of Beasts.
You worshipped Trog.
Trog was extremely pleased with you.
You were not hungry.

You visited 2 branches of the dungeon, and saw 16 of its levels.
You also visited: Labyrinth.

You collected 1113 gold pieces.
You spent 650 gold pieces at shops.


Innate Abilities, Weirdness & Mutations

You have very sharp fingernails.
You are mostly covered in iridescent scales (AC +6).
You regenerate health from kills.
You are partially covered in sharp spines.


   Skills:
 + Level 9.9 Fighting
 - Level 4.8 Armour
 + Level 9.2 Dodging
 - Level 1.7 Stealth
 * Level 15.7 Unarmed Combat
 - Level 8.5 Evocations


You had 12 spell levels left.
You didn't know any spells.

Inventory:

Hand Weapons
 a - a +3 blowgun of evasion
Missiles
 c - 80 poisoned needles
 g - 15 tomahawks (quivered)
 H - 11 curare-tipped needles
Armour
 o - a +3 ring mail of cold resistance (worn)
 I - a +0 helmet of intelligence (worn)
Jewellery
 i - an uncursed ring of teleportation
 m - a ring of invisibility (left claw)
 t - a +5 amulet of reflection (around neck)
 y - an uncursed ring of magical power
 E - a ring of protection from magic (right claw)
Wands
 n - a wand of cold (13/15)
 C - a wand of hasting (5/9)
 F - a wand of digging (8/24)
 J - a wand of fire (5/15)
 Q - a wand of polymorph (14/24)
 R - a wand of paralysis (6/24)
 W - a wand of flame (15/48)
Scrolls
 d - 3 scrolls of fear
 e - 2 scrolls of amnesia {unknown}
 q - 6 scrolls of remove curse
 r - 6 scrolls of enchant armour
 u - a scroll of fog {unknown}
 v - 4 scrolls of recharging
 G - a scroll of magic mapping
 L - 2 scrolls of blinking {unknown}
 M - 2 scrolls of vulnerability {unknown}
 N - a scroll of noise {unknown}
 P - a scroll of silence {unknown}
 S - a scroll of summoning {unknown}
 U - a scroll of enchant weapon {unknown}
 Y - 2 scrolls of teleportation
Potions
 f - 4 potions of haste
 h - a potion of beneficial mutation {unknown}
 j - 3 potions of might
 k - a potion of ambrosia {unknown}
 l - a potion of poison {unknown}
 p - 7 potions of curing
 w - 5 potions of heal wounds
 x - 2 potions of flight {unknown}
 A - a potion of degeneration {unknown}
 B - 2 potions of brilliance {unknown}
 O - a potion of agility {unknown}
 T - a potion of resistance {unknown}
 X - a potion of invisibility {unknown}
 Z - a potion of cancellation {unknown}
Miscellaneous
 K - a box of beasts
Comestibles
 b - 12 bread rations
 s - 9 meat rations
 z - 14 fruits
 D - 2 royal jellies
 V - a slice of pizza

Dungeon Overview and Level Annotations

Branches:
Dungeon (10/15)            Temple (0/1) D:4            Lair (6/8) D:9
 Spider (0/4) Lair:4          Orc (0/2) D:10
  Swamp: Lair:3-6    Shoals: Lair:3-6     Slime: Lair:6-8

Altars:
Dithmenos
Gozag
Kikubaaqudgha
Sif Muna
Trog
Zin

Shops:
D:7 %*:[


Message History

You kill the sheep!
Trog accepts your kill.
No target in view!
No target in view!
No target in view!
No target in view!
No target in view!
No target in view!
No target in view!
No target in view!
No target in view!
No target in view!
No target in view!
No target in view!
No target in view!
No target in view!
No target in view!
No target in view!
Things that are here:
a sheep corpse x2
Butcher a sheep corpse? [(y)es/(c)hoosy/(n)o/(a)ll/(e)dible/(q)uit/?]
You butcher the sheep corpse. x2
Your pack is full.
Things that are here:
4 chunks of flesh x2 a sheep skeleton Eating one of 4 chunks of flesh.
This raw flesh tastes terrible.
You are feeling hungry.
You continue eating. x2
Eating one of 3 chunks of flesh.
This raw flesh tastes terrible.
You continue eating. x2
Your pack is full.
Things that are here:
2 chunks of flesh; 4 chunks of flesh; a sheep skeleton Are you sure you want to abandon this character and quit the game? (Confirm with "yes".)

###............
####..## #.........#.#
#.....# #P..##.P####
#.<.### ##..##### ##
#...# ###..# ##. #..##
##.##'## ##.# #....
#......###P.###....
#..P.+.}..##.......#..
#... #.....#%@##... ..
... ###....#.....# ...
.. ##..%%........ .
.......}...#...
$................
.....#.}...}.#..
.....#....[..#...
.....#...}...# .. ....
#.......#


There were no monsters in sight!

Action                   |  1- 3 |  4- 6 |  7- 9 | 10-12 | 13-15 || total
-------------------------+-------+-------+-------+-------+-------++-------
Melee: Unarmed           |   179 |   144 |   186 |   395 |   337 ||  1241
Invok: Berserk           |       |     4 |     5 |    12 |     7 ||    28
 Abil: Evoke Invisibilit |       |       |       |       |     1 ||     1
       Turn Visible      |       |       |       |       |     1 ||     1
  Use: Scroll            |       |       |     9 |     2 |     6 ||    17
       Potion            |       |       |       |     1 |       ||     1
 Stab: Sleeping          |     4 |       |       |       |     1 ||     5
       Invisible         |       |       |       |       |     3 ||     3
       Distracted        |       |       |       |       |     1 ||     1
  Eat: Chunk             |     1 |     6 |    13 |    24 |    20 ||    64
       Bread ration      |       |     1 |       |       |       ||     1
       Beef jerky        |       |       |     2 |       |       ||     2
       Fruit             |       |       |       |     4 |     2 ||     6

Notes
Turn   | Place    | Note
--------------------------------------------------------------
     0 | D:1      | Duffy the Demonspawn Monk began the quest for the Orb.
     0 | D:1      | Reached XP level 1. HP: 18/18 MP: 1/1
   297 | D:1      | Reached skill level 4 in Unarmed Combat
   301 | D:1      | Gained mutation: You are partially covered in iridescent scales (AC +4). [demonic ancestry]
   301 | D:1      | Reached XP level 2. HP: 22/24 MP: 2/2
   688 | D:1      | Gained mutation: You are mostly covered in iridescent scales (AC +6). [demonic ancestry]
   688 | D:1      | Reached XP level 3. HP: 29/29 MP: 3/3
   926 | D:2      | Found a bloodstained altar of Trog.
   931 | D:2      | Found a deep blue altar of Sif Muna.
   953 | D:2      | Found a shadowy altar of Dithmenos.
   971 | D:2      | Reached skill level 5 in Unarmed Combat
  1046 | D:2      | Became a worshipper of Trog the Wrathful
  1046 | D:2      | Reached * piety under Trog
  1046 | D:2      | Reached ** piety under Trog
  1265 | D:2      | Found an ancient bone altar of Kikubaaqudgha.
  1348 | D:2      | Gained mutation: You regenerate a little health from kills. [demonic ancestry]
  1348 | D:2      | Reached XP level 4. HP: 32/35 MP: 4/4
  2018 | D:3      | Found a glowing silver altar of Zin.
  2903 | D:4      | Gained mutation: You have sharp fingernails. [demonic ancestry]
  2903 | D:4      | Reached XP level 5. HP: 41/41 MP: 5/5
  2905 | D:4      | Reached skill level 6 in Unarmed Combat
  3097 | D:4      | Noticed an ogre
  3105 | D:4      | Killed an ogre
  3105 | D:4      | Gained mutation: You have very sharp fingernails. [demonic ancestry]
  3105 | D:4      | Reached XP level 6. HP: 47/47 MP: 6/6
  3111 | D:4      | Noticed Pikaro's ghost (novice OpFi)
  3313 | D:4      | Killed Pikaro's ghost
  3313 | D:4      | Reached skill level 8 in Unarmed Combat
  3313 | D:4      | Gained mutation: You are partially covered in sharp spines. [demonic ancestry]
  3313 | D:4      | Reached XP level 7. HP: 52/52 MP: 7/7
  3481 | D:4      | Reached *** piety under Trog
  3520 | D:4      | Found a staircase to the Ecumenical Temple.
  3684 | D:4      | Noticed Edmund
  3695 | D:4      | Killed Edmund
  4038 | D:4      | Reached skill level 9 in Unarmed Combat
  4088 | D:4      | You fall through a shaft!
  4088 | D:5      | Entered Level 5 of the Dungeon
  4268 | D:5      | Reached skill level 1 in Evocations
  4268 | D:5      | Reached XP level 8. HP: 58/58 MP: 8/8
  4880 | D:5      | Reached skill level 2 in Evocations
  5016 | D:6      | Reached skill level 3 in Evocations
  5604 | D:7      | Reached skill level 10 in Unarmed Combat
  5604 | D:7      | Reached skill level 4 in Evocations
  5622 | D:7      | Found Mehodghyw's Book Emporium.
  5754 | D:7      | Noticed Pikaro's ghost (novice OpFi)
  5770 | D:7      | Killed Pikaro's ghost
  5770 | D:7      | Reached skill level 5 in Evocations
  5770 | D:7      | Reached XP level 9. HP: 63/63 MP: 11/13
  5835 | D:7      | Found Geluw's General Store.
  5843 | D:7      | Noticed Pikel
  5874 | D:6      | Killed Pikel
  5874 | D:6      | Reached skill level 1 in Armour
  5874 | D:6      | Reached skill level 3 in Dodging
  5874 | D:6      | Reached skill level 6 in Evocations
  5914 | D:7      | Found an opulent altar of Gozag.
  6002 | D:7      | Found Vaariul's Food Boutique.
  6189 | D:7      | Found Roluf's Antique Armour Shop.
  6430 | D:8      | Reached **** piety under Trog
  6440 | D:8      | Reached skill level 7 in Evocations
  6495 | D:8      | Reached skill level 8 in Evocations
  6542 | D:8      | Reached skill level 4 in Fighting
  6554 | D:8      | Reached XP level 10. HP: 49/72 MP: 16/16
  7272 | D:9      | Reached skill level 4 in Dodging
  7461 | D:9      | Reached skill level 5 in Fighting
  8007 | D:10     | Entered Level 10 of the Dungeon
  8013 | D:10     | Reached skill level 11 in Unarmed Combat
  8016 | D:10     | Noticed a hill giant
  8032 | D:10     | Killed a hill giant
  8032 | D:10     | Reached skill level 5 in Dodging
  8040 | D:10     | Reached skill level 6 in Fighting
  8257 | D:10     | Reached ***** piety under Trog
  8291 | D:10     | Noticed Borgoz's ghost (journeyman SpAs)
  8383 | D:10     | Killed Borgoz's ghost
  8432 | D:10     | Reached skill level 6 in Dodging
  8467 | D:10     | Gained mutation: You regenerate health from kills. [demonic ancestry]
  8467 | D:10     | Reached XP level 11. HP: 65/83 MP: 17/17
  8530 | D:10     | Reached skill level 7 in Fighting
  8691 | D:10     | Found a staircase to the Orcish Mines.
  9025 | D:9      | Found a staircase to the Lair.
  9200 | Lair:1   | Entered Level 1 of the Lair of Beasts
  9208 | D:9      | Reached skill level 2 in Armour
  9501 | Lair:1   | Reached skill level 12 in Unarmed Combat
  9809 | Lair:1   | Noticed a seven-headed hydra
  9821 | Lair:1   | Killed a seven-headed hydra
  9821 | Lair:1   | Reached skill level 7 in Dodging
 10245 | Lair:1   | Reached skill level 3 in Armour
 10447 | D:7      | Bought a potion of experience for 650 gold pieces
 10448 | D:7      | Reached skill level 14 in Unarmed Combat
 10448 | D:7      | Reached XP level 12. HP: 91/91 MP: 18/18
 10779 | Lair:2   | Noticed a four-headed hydra
 10798 | Lair:2   | Killed a four-headed hydra
 10868 | Lair:2   | Noticed a six-headed hydra
 10879 | Lair:2   | Killed a six-headed hydra
 10981 | Lair:2   | Received a gift from Trog
 11062 | Lair:2   | Reached skill level 8 in Fighting
 11190 | Lair:2   | Reached skill level 4 in Armour
 11198 | Lair:2   | Reached XP level 13. HP: 75/98 MP: 19/19
 11558 | Lair:3   | Noticed Urug
 11571 | Lair:3   | Killed Urug
 11587 | Lair:3   | Found a labyrinth entrance.
 11603 | Lab      | Entered a labyrinth
 11931 | Lab      | Noticed a minotaur
 11937 | Lab      | Killed a minotaur
 11937 | Lab      | Reached skill level 8 in Dodging
 12466 | Lair:3   | Noticed Rupert
 12472 | Lair:3   | Paralysed by Rupert for 2 turns
 12501 | Lair:3   | Killed Rupert
 12795 | Lair:4   | Found a hole to the Spider Nest.
 12888 | Lair:4   | Reached skill level 9 in Fighting
 12894 | Lair:4   | Reached skill level 15 in Unarmed Combat
 14004 | Lair:5   | Noticed Daviar's ghost (journeyman VSMo)
 14118 | Lair:5   | Received a gift from Trog
 14395 | Lair:5   | Reached skill level 9 in Dodging
 14445 | Lair:5   | Noticed Josephine
 14458 | Lair:5   | Killed Josephine
 14927 | Lair:5   | Killed Daviar's ghost
 15421 | Lair:6   | Quit the game

Vault maps used:
D:1:      saegor_arrival_miasma
D:2:      lemuel_zombie_altar_kikubaaqudgha, grunt_temple_overflow_open
D:3:      lemuel_crystal_altar, grunt_ministairs_3, eino_tiny_chamber
D:4:      minmay_temple_entry_glassed_door, uniq_edmund
D:5:      first_bread
D:7:      kennysheep_mini, serial_shops,
          nicolae_shop_competitors_out_of_business, shop, nicolae_shop_trees,
          kennysheep_mini_moat, uniq_pikel
D:9:      erik_lair_dragon
D:10:     orc_0_dummy
Lair:2:   serial_bayou_lake_a
Lair:3:   lab_entry_generic, beast_lair_carwin_4, uniq_urug, uniq_rupert
Lair:4:   minmay_lair_oklob_items, dummy_spider_entry
Lair:5:   grunt_megastairs_5, lemuel_fruit_fields, uniq_josephine
Lair:6:   minmay_swamp_entry_reptiles, minmay_slime_entry_oklob_enclosed,
          minmay_hedge_maze, serial_bayou_lagoon_a,
          cheibrodos_lair_caveside_slide, grunt_megastairs_4
Lab:      labyrinth_spiral

Vanquished Creatures
  Rupert
  The ghost of Daviar the Grappler, a journeyman VSMo of Ru
  A minotaur Josephine
  5 hydras
  3 death yaks Urug
  The ghost of Borgoz the Covert, a journeyman SpAs of Gozag Pikel
  A hill giant
  An oklob plant
  The ghost of Pikaro the Skirmisher, a novice OpFi of Gozag
  2 griffons
  A centaur zombie
  A black mamba
  6 spiny frogs
  The ghost of Pikaro the Ducker, a novice OpFi of Ashenzari
  10 komodo dragons
  A fire drake
  2 trolls
  2 two-headed ogres
  8 blink frogs
  3 wraiths
  A vampire
  14 yaks
  7 hippogriffs
  2 basilisks
  A hungry ghost
  13 wolves Edmund
  A mottled dragon
  5 water moccasins
  A soldier ant
  16 porcupines
  A slave
  3 sky beasts
  6 ogres
  6 ice beasts
  A wasp
  An eye of draining
  3 phantoms
  4 centaurs
  5 crocodiles
  A big kobold
  14 giant frogs
  2 scorpions
  6 killer bees
  3 wights
  An electric eel
  2 crimson imps
  10 orc priests
  A jelly
  A centaur skeleton
  4 hounds
  8 orc wizards
  A giant frog skeleton
  11 iguanas
  5 worker ants
  4 sheep
  A hound skeleton
  3 gnolls
  13 adders
  19 river rats
  5 shadow imps
  An adder zombie
  2 adder skeletons
  A worm
  4 giant geckos
  28 orcs
  7 bats
  2 bat zombies
  3 giant cockroaches
  4 goblins
  10 hobgoblins
  8 jackals
  13 kobolds
  3 quokkas
  A ball python
  4 giant newts
  A quokka zombie
  7 rats
  A rat zombie
  3 fungi
  A plant
366 creatures vanquished.
